 Dungeon Crawl Stone Soup version 0.22.0-6-g71bd7aa (webtiles) character file.

10528 Lauz the Fencer (level 11, -5/97 HPs)
             Began as a Minotaur Berserker on Aug 15, 2018.
             Was a High Priest of Trog.
             Slain by a manticore (16 damage)
             ... on level 11 of the Dungeon.
             The game lasted 00:41:33 (12114 turns).

Lauz the Fencer (Minotaur Berserker)               Turns: 12114, Time: 00:41:34

Health: -5/97      AC: 16    Str: 25    XL:     11   Next: 37%
Magic:  3/3        EV:  9    Int:  4    God:    Trog [*****.]
Gold:   535        SH:  0    Dex: 10    Spells: 10/10 levels left

rFire    . . .     SeeInvis .   z - +5 great sword (antimagic)
rCold    . . .     Gourm    .   (shield currently unavailable)
rNeg     . . .     Faith    .   C - +3 chain mail {rPois}
rPois    +         Spirit   .   (helmet restricted)
rElec    .         Reflect  .   k - +0 cloak
rCorr    .         Harm     .   (no gloves)
MR       +....                  (no boots)
Stlth    ..........             (no amulet)
HPRegen  0.26/turn              y - ring of protection from magic
MPRegen  0.08/turn              (no ring)

@: barbed spikes
A: retaliatory headbutt, horns 2
a: Berserk, Trog's Hand, Brothers in Arms, Renounce Religion


You were on level 11 of the Dungeon.
You worshipped Trog.
Trog was extremely pleased with you.
You were very hungry.

You visited 2 branches of the dungeon, and saw 12 of its levels.
You also visited: Ossuary.

You collected 535 gold pieces.

Inventory:

Hand Weapons
 a - a +0 falchion
 n - the +8 war axe "Sacirauch" {holy, rF+ rC+, unknown}
   (You found it on level 10 of the Dungeon)

   It has been blessed by the Shining One to cause great damage to the undead
   and demons.
   It protects you from fire.
   It protects you from cold.
 r - a +0 quick blade
 z - a +5 antimagic great sword (weapon)
 B - a +3 long sword
Missiles
 v - 8 steel javelins (quivered)
Armour
 k - a +0 cloak (worn)
 C - a +3 chain mail of poison resistance (worn)
Jewellery
 p - an uncursed amulet of rage
 s - an uncursed amulet of harm
 y - a ring of protection from magic (left hand)
Wands
 m - a wand of enslavement (12)
 o - a wand of polymorph (7)
 q - a wand of flame (66)
 u - a wand of iceblast (4)
 A - a wand of clouds (10)
 E - a wand of acid (9)
Scrolls
 b - a scroll of summoning
 f - 10 scrolls of identify
 h - 7 scrolls of remove curse
 i - 7 scrolls of teleportation
 w - a scroll of amnesia {unknown}
Potions
 d - a potion of might {unknown}
 e - a potion of resistance
 j - 9 potions of curing
 l - a potion of mutation {unknown}
 t - a potion of haste {unknown}
 x - a potion of agility {unknown}
 D - 2 potions of lignification {unknown}
 F - a potion of degeneration {unknown}
Comestibles
 c - 18 rations


   Skills:
 + Level 9.4 Fighting
 + Level 15.6 Long Blades
 * Level 11.2 Armour
 - Level 2.1 Dodging
 - Level 0.3 Stealth


You had 10 spell levels left.
You didn't know any spells.
Your spell library was empty.

Dungeon Overview and Level Annotations

Branches:
Dungeon (11/15)            Temple (1/1) D:5            Lair (0/6) D:10
    Orc (0/2) D:9

Altars:
Ashenzari
Cheibriados
Dithmenos
Elyvilon
Fedhas
Gozag
Hepliaklqana
Kikubaaqudgha
Makhleb
Nemelex Xobeh
Okawaru
Qazlal
Ru
Sif Muna
Trog
Uskayaw
Vehumet
Wu Jian
Xom
Yredelemnul
Zin
The Shining One

Shops:
D:4 }   D:6 [   D:9 ([?!   D:10 *

Portals:
Trove: D:10 (give 5 potions of resistance)


Innate Abilities, Weirdness & Mutations

You reflexively headbutt those who attack you in melee.
You have a pair of horns on your head.


Message History

You see here an adder corpse.
The barbed spikes dig painfully into your body as you move.
The manticore closely misses you.
The manticore claws you but does no damage. x2
You slash the manticore! Your headbutt misses the manticore.
The manticore is moderately wounded.
You are feeling very hungry.
The manticore bites you but does no damage.
The manticore closely misses you. The manticore claws you.
* * * LOW HITPOINT WARNING * * *
You slash the manticore!
The manticore is heavily wounded.
The manticore bites you!!
* * * LOW HITPOINT WARNING * * *
The manticore claws you.
* * * LOW HITPOINT WARNING * * *
The manticore claws you.
* * * LOW HITPOINT WARNING * * *
You feel better. The manticore bites you!
You die...

...............
...............#
...............#
...............#
...............###
................
#.H..........#
#..@.........#
#...†))....#
#...).(#####
#...)..#####.#
#.....(......#
#.........##########
#......##.#.........
#.......#.##.#######
###.#...#.#.<#......


You could see a manticore.

Vanquished Creatures
  Josephine (D:10)
  Harold (D:8)
  A two-headed ogre (D:10)
  A cyclops (D:10)
  An elephant (D:9)
  A troll (D:10)
  Grinder (D:6)
  Prince Ribbit (D:6)
  3 hippogriffs
  4 wraiths (D:10)
  A wyvern (D:8)
  5 yaks (D:6)
  A vampire (D:9)
  A basilisk (D:10)
  Menkaure (D:4)
  An eye of draining (D:9)
  A hornet zombie (D:9)
  5 orc warriors
  An ice beast (D:5)
  2 black bears (D:7)
  3 sky beasts
  4 ogres
  4 phantoms
  3 centaurs
  3 big kobolds
  A crocodile (D:10)
  Blork the orc (D:6)
  An elf zombie (Ossuary)
  4 bullfrogs
  4 scorpions
  3 wights (D:10)
  A vampire bat (D:3)
  A crimson imp (D:6)
  2 human zombies (Ossuary)
  A quasit (D:5)
  A centaur skeleton (D:10)
  2 jellies
  14 orc wizards
  4 hounds
  Crazy Yiuf (D:2)
  6 orc priests
  2 iguanas
  Ijyb (D:5)
  2 worker ants
  A killer bee zombie (D:10)
  A big kobold zombie (Ossuary)
  A hound skeleton (D:6)
  2 mummies (Ossuary)
  Robin (D:2)
  A worker ant zombie (D:6)
  4 gnolls (D:7)
  9 adders
  A shadow imp (D:6)
  An adder skeleton (D:5)
  An adder zombie (Ossuary)
  3 worms
  3 fire bats (D:3)
  5 leopard geckos
  50 orcs
  2 spectral bats (D:3)
  3 bat skeletons (D:3)
  A bat zombie (D:3)
  A giant cockroach (D:1)
  6 hobgoblins
  21 jackals
  3 quokkas
  A ball python (D:1)
  15 bats
  A bat simulacrum (D:3)
  5 frilled lizards
  13 goblins
  2 goblin zombies
  7 hobgoblin zombies (Ossuary)
  A jackal zombie (Ossuary)
  19 kobolds
  9 kobold zombies (Ossuary)
  A leopard gecko skeleton (D:4)
  12 orc zombies (Ossuary)
  A quokka zombie (D:8)
  19 rats
  2 rat zombies (Ossuary)
332 creatures vanquished.

Vanquished Creatures (others)
  An ugly thing (D:6)
  A troll (D:6)
  A worm (D:6)
3 creatures vanquished.

Grand Total: 335 creatures vanquished

Notes
Turn   | Place    | Note
-------+----------+-------------------------------------------
     0 | D:1      | Lauz the Minotaur Berserker began the quest for the Orb.
     0 | D:1      | Reached XP level 1. HP: 19/19 MP: 0/0
    53 | D:1      | Reached skill level 4 in Long Blades
   217 | D:1      | Reached XP level 2. HP: 24/27 MP: 1/1
   419 | D:1      | Reached ** piety under Trog
   510 | D:1      | Reached XP level 3. HP: 33/33 MP: 2/2
  1279 | D:2      | Reached skill level 5 in Long Blades
  1310 | D:2      | Noticed Robin
  1322 | D:2      | Killed Robin
  1545 | D:2      | Reached XP level 4. HP: 40/40 MP: 3/3
  1665 | D:2      | Found a blossoming altar of Fedhas.
  1668 | D:2      | Found an ancient bone altar of Kikubaaqudgha.
  1671 | D:2      | Found a deep blue altar of Sif Muna.
  1674 | D:2      | Found an ornate altar of the Wu Jian Council.
  1800 | D:2      | Found a runed door.
  1831 | D:2      | You fall through a shaft!
  2272 | D:2      | Noticed Crazy Yiuf
  2279 | D:2      | Killed Crazy Yiuf
  2279 | D:2      | Reached *** piety under Trog
  2279 | D:2      | Reached skill level 6 in Long Blades
  2428 | D:3      | Reached XP level 5. HP: 29/47 MP: 4/4
  2755 | D:3      | Reached skill level 7 in Long Blades
  2987 | D:3      | Reached XP level 6. HP: 51/53 MP: 5/5
  3329 | D:4      | Noticed Menkaure
  3338 | D:4      | Killed Menkaure
  3338 | D:4      | Reached skill level 5 in Fighting
  3338 | D:4      | Reached skill level 8 in Long Blades
  3614 | D:4      | Found Izupnako's Gadget Shoppe.
  3884 | D:4      | Reached XP level 7. HP: 44/61 MP: 6/6
  4024 | D:4      | Reached **** piety under Trog
  4305 | D:5      | Entered Level 5 of the Dungeon
  4315 | D:5      | Reached skill level 9 in Long Blades
  4854 | D:5      | Reached skill level 10 in Long Blades
  5034 | D:5      | Noticed Ijyb
  5040 | D:5      | Killed Ijyb
  5110 | D:5      | Reached XP level 8. HP: 69/70 MP: 7/7
  5313 | D:5      | Found a staircase to the Ecumenical Temple.
  5565 | Temple   | Entered the Ecumenical Temple
  5818 | D:6      | Killed a troll
  5835 | D:6      | Killed a red ugly thing
  5894 | D:6      | Reached skill level 11 in Long Blades
  6040 | D:6      | Noticed Grinder
  6058 | D:6      | Killed Grinder
  6058 | D:6      | Reached ***** piety under Trog
  6058 | D:6      | Reached skill level 5 in Armour
  6287 | D:6      | Found a shimmering altar of Xom.
  6449 | D:6      | Found Rienn's Armour Emporium.
  6521 | D:6      | Reached skill level 12 in Long Blades
  6530 | D:6      | Found a stormy altar of Qazlal.
  6530 | D:6      | Noticed Blork the orc
  6537 | D:6      | Killed Blork the orc
  6657 | D:6      | Noticed Prince Ribbit
  6662 | D:6      | Killed Prince Ribbit
  6662 | D:6      | Reached XP level 9. HP: 74/78 MP: 8/8
  6700 | D:6      | Received a gift from Trog
  7060 | D:6      | Reached skill level 13 in Long Blades
  7494 | D:7      | Found a white marble altar of Elyvilon.
  7618 | D:7      | Found a sparkling altar of Nemelex Xobeh.
  7649 | D:7      | Reached XP level 10. HP: 35/88 MP: 9/9
  8163 | D:8      | Found an opulent altar of Gozag.
  8238 | D:8      | Noticed Harold
  8256 | D:8      | Killed Harold
  8256 | D:8      | Reached skill level 14 in Long Blades
  8617 | D:8      | Found a bloodstained altar of Trog.
  8826 | D:8      | Found a sand-covered staircase.
  8834 | Ossuary  | Entered an ossuary
  9012 | Ossuary  | Received a gift from Trog
  9705 | D:8      | Found a hide-covered altar of Uskayaw.
  9977 | D:9      | Found Ifatan's Armour Shop.
  9977 | D:9      | Found a staircase to the Orcish Mines.
  9977 | D:9      | Found Ysolub's Weapon Shop.
  9988 | D:10     | Entered Level 10 of the Dungeon
 10492 | D:9      | Found Udadd's Distillery.
 10539 | D:9      | Found a shattered altar of Ashenzari.
 10602 | D:9      | Reached skill level 15 in Long Blades
 10805 | D:9      | Found a basalt altar of Yredelemnul.
 10891 | D:9      | Found Fehadden's Magic Scroll Boutique.
 11062 | D:10     | Noticed a two-headed ogre
 11071 | D:10     | Killed a two-headed ogre
 11085 | D:10     | Got a smoking war axe
 11104 | D:10     | Noticed an elephant
 11106 | D:10     | Found a staircase to the Lair.
 11131 | D:9      | Killed an elephant
 11131 | D:9      | Reached skill level 10 in Armour
 11180 | D:10     | Reached XP level 11. HP: 96/97 MP: 3/10
 11396 | D:10     | Found a portal to a secret trove of treasure.
 11635 | D:10     | Found Sifunwud's General Store.
 11698 | D:10     | Noticed Josephine
 11706 | D:10     | Killed Josephine
 11939 | D:10     | Found a deep blue altar of Sif Muna.
 12113 | D:11     | HP: 4/97 [manticore (1)]
 12114 | D:11     | Slain by a manticore

Skill      XL: |  1  2  3  4  5  6  7  8  9 10 11 |
---------------+----------------------------------+-----
Long Blades    | 4 5 6 7 8 10 12 13 15 | 15.6
Fighting       | 4 5 6 7 9 |  9.4
Armour         | 3 4 5 7 10 11 | 11.2
Dodging        | |  2.1
Stealth        | |  0.3

Action                   |  1- 3 |  4- 6 |  7- 9 | 10-12 || total
-------------------------+-------+-------+-------+-------++-------
Melee: Falchion          |    92 |   126 |   318 |   153 ||   689
       Headbutt          |     9 |    22 |    90 |    77 ||   198
       Great sword       |       |       |       |   159 ||   159
Invok: Berserk           |     1 |     1 |     2 |     2 ||     6
  Use: Scroll            |       |       |     3 |     9 ||    12
       Potion            |       |       |       |     2 ||     2
  Eat: Chunk             |     3 |     8 |    13 |    13 ||    37
       Ration            |       |       |       |     1 ||     1
Armor: Animal skin       |     9 |    38 |    12 |       ||    59
       Ring mail         |       |       |    60 |    21 ||    81
       Chain mail        |       |       |       |   129 ||   129
Dodge: Dodged            |    53 |   113 |   109 |   139 ||   414
       Rpst.: Falchion   |    12 |    22 |    34 |    16 ||    84
       Great sword       |       |       |       |    26 ||    26
